 Dungeon Crawl Stone Soup version 0.31-a0-949-g57150269e1 (webtiles) character file.

Game seed: 13330454133540707864

859 Zonian the Magician (level 7, 0/54 HPs)
             Began as a Deep Elf Hedge Wizard on Oct 22, 2023.
             Was an Initiate of Gozag.
             Slain by a two-headed ogre
             ... wielding a +0 giant spiked club
              (6 damage)
             ... on level 9 of the Dungeon.
             The game lasted 00:28:42 (9925 turns).

Zonian the Magician (Deep Elf Hedge Wizard)         Turns: 9925, Time: 00:28:43

Health: 0/54       AC: 23    Str:  7    XL:     7   Next: 71%
Magic:  15/15      EV:  2    Int: 21    God:    Gozag
Gold:   320        SH:  0    Dex: 14    Spells: 6/15 levels left

rFire   . . .        a - +2 dagger (flame)
rCold   . . .        (no shield)
rNeg    . . .        q - melded +1 leather armour "Foyxkir" {Str+5}
rPois   +            k - melded +0 helmet
rElec   .            n - melded +0 cloak
rCorr   .            j - melded +2 pair of gloves
SInv    .            (boots currently unavailable)
Will    .....        s - amulet of magic regeneration
Stlth   +            (no ring)
HPRegen 0.29/turn    (no ring)
MPRegen 0.54/turn

%: no passive effects
@: confused, tree-form, gold aura, hasted, very quick
A: stationary, stasis, torment immunity, boosted hp
a: Renounce Religion, Potion Petition, Call Merchant, Bribe Branch


You were on level 9 of the Dungeon.
You worshipped Gozag.
Gozag was aware of your devotion.
You were a tree.
You visited 1 branch of the dungeon, and saw 7 of its levels.

You collected 395 gold pieces.
You paid 75 gold pieces to Gozag.

Inventory:

Hand Weapons
 a - a +2 dagger of flaming (weapon)
 A - a +3 dagger
Missiles
 l - 9 boomerangs
Armour
 b - a +0 robe
 c - a +0 hat
 j - a +2 pair of gloves (melded)
 k - a +0 helmet (melded)
 n - a +0 cloak (melded)
 q - the +1 leather armour "Foyxkir" (melded) {Str+5}
   (You found it on level 2 of the Dungeon)

   Str+5:     It affects your strength (+5).
Magical Staves
 x - a staff of poison
Jewellery
 s - an amulet of magic regeneration (around neck)
Wands
 r - a wand of flame (25)
 w - a wand of charming (4)
Scrolls
 g - 2 scrolls of immolation
Potions
 d - a potion of magic
 e - 2 potions of mutation
 f - a potion of might
 i - 2 potions of brilliance
 m - a potion of haste
 p - a potion of cancellation
 t - 2 potions of attraction


   Skills:
 - Level 4.5 Dodging
 - Level 2.6 Stealth
 - Level 4.5 Spellcasting
 - Level 4.4 Conjurations
 - Level 1.7 Hexes
 - Level 1.5 Summonings
 - Level 3.0 Translocations
 + Level 3.9 Air Magic
 + Level 4.4 Poison Magic


You had 6 spell levels left.
You knew the following spells:

 Your Spells              Type           Power      Damage    Failure   Level
a - Magic Dart            Conj           92%        1d7       1%          1
b - Blink                 Tloc           34%        N/A       4%          2
c - Call Imp              Summ           22%        N/A       10%         2
d - Mephitic Cloud        Conj/Pois/Air  22%        N/A       6%          3
e - Slow                  Hex            48%        N/A       5%          1

Your spell library contained the following spells:

 Spells                   Type           Power      Damage    Failure   Level
 Poisonous Vapours        Pois/Air       44%        N/A       3%          2
 Cigotuvi's Dreadful Rot  Necr/Pois/Air  32%        N/A       5%          2
 Leda's Liquefaction      Hex/Erth       4%         N/A       61%         4
 Freezing Cloud           Conj/Ice/Air   8%         6-21      69%         5
 Lee's Rapid Deconstruct  Erth           2%         3d4*      97%         5
 Bombard                  Conj/Erth      7%         9d2       100%        6


Dungeon Overview and Level Annotations

Branches:
Dungeon (9/15)
 Temple: D:4-7         Lair: D:8-11         Orc: D:9-12

Altars:
Ashenzari
Gozag
Hepliaklqana
Makhleb
Vehumet
Yredelemnul
Zin

Shops:
D:2 [   D:6 :

Annotations:
D:4 1 runed translucent door, Crazy Yiuf, Dowan, Duvessa, Eustachio, Grinder


Message History

You swing at nothing.
You feel sick. The two-headed ogre barely misses you.
The two-headed ogre hits you but does no damage.
Unknown command.
You closely miss the two-headed ogre.
The two-headed ogre is severely wounded.
The orc completely misses you.
Unknown command.
You barely miss the orc wizard.
You feel sick.
Unknown command.
You swing at nothing.
The orc wizard hits you but does no damage.
The orc barely misses you.
The two-headed ogre hits you but does no damage. x2
Unknown command.
You closely miss the two-headed ogre.
The two-headed ogre is severely wounded.
You feel sick.
The orc wizard points at you and mumbles some strange words.
The magic dart hits you but does no damage.
The orc hits you but does no damage.
Unknown command.
You swing at nothing.
You feel sick.
You are no longer poisoned.
The two-headed ogre hits you with a +0 giant spiked club!
* * * LOW HITPOINT WARNING * * *
The two-headed ogre hits you with a +0 giant club.
* * * LOW HITPOINT WARNING * * *
Unknown command.
You attack the rock wall.
The orc wizard hits you but does no damage.
The orc hits you but does no damage.
Unknown command.
You nearly hit yourself!
Unknown command.
You hit the orc. You burn the orc.
You kill the orc!
The orc wizard hits you but does no damage.
The two-headed ogre hits you with a +0 giant spiked club.
You die...
Your body crumbles into a pile of gold.

##..#
###..............#§§§§.
##.###°#...........##.#§§§§.
#.....$.....°.°)..#####.§§§.
##.....#...°°.......# #.....
##........K....##..###K...#
##....°....°..........#...
##.$...$K°##..#.....##...
##.)...$KO##.......#####..
#......#.♣...#.#..... ...
#...##.#.°o.####.#.## .#..
#....#.......... # .. #..
#................. O ##$
#....#.###...°.... .
#.#..... ##.....#. .........
..#### .......o..o ..#


You could see a two-headed ogre, a kobold brigand (very poisoned), an orc wizard
and 2 kobolds.

Vanquished Creatures
  An orc warrior (D:6)
  A phantom (D:6)
  2 scorpions (D:5)
  2 jellies (D:5)
  An orc priest (D:6)
  2 gnoll boudas
  A sleepcap (D:5)
  An iguana (D:3)
  2 orc wizards
  10 gnolls
  7 adders
  A shadow imp (D:6)
  3 dart slugs
  3 worms (D:2)
  19 orcs
  11 ball pythons
  8 endoplasms
  3 giant cockroaches
  9 hobgoblins
  6 jackals
  7 kobolds
  4 quokkas
  6 bats
  7 frilled lizards
  4 goblins
  6 rats
127 creatures vanquished.

Vanquished Creatures (collateral kills)
  An orc wizard (D:9)
1 creature vanquished.

Vanquished Creatures (others)
  A yak (D:9)
1 creature vanquished.

Grand Total: 129 creatures vanquished

Notes
Turn   | Place    | Note
-------+----------+-------------------------------------------
     0 | D:1      | Zonian the Deep Elf Hedge Wizard began the quest for the
                  | Orb.
     0 | D:1      | Reached XP level 1. HP: 10/10 MP: 7/7
   193 | D:1      | Reached XP level 2. HP: 15/15 MP: 3/9
   436 | D:1      | Found a faded altar of an unknown god.
  1229 | D:1      | Reached XP level 3. HP: 19/19 MP: 6/11
  2156 | D:2      | Identified the +1 leather armour "Foyxkir" {Str+5}
  2640 | D:2      | Found Gaxidd's Antique Armour Boutique.
  2762 | D:2      | Reached XP level 4. HP: 22/24 MP: 1/12
  3602 | D:3      | Learned a level 2 spell: Blink
  3605 | D:3      | Learned a level 2 spell: Call Imp
  3609 | D:3      | Learned a level 3 spell: Mephitic Cloud
  3643 | D:3      | Noticed a black bear
  3820 | D:3      | Reached XP level 5. HP: 28/28 MP: 1/13
  4425 | D:3      | Found a basalt altar of Yredelemnul.
  5018 | D:4      | Found a runed translucent door.
  5019 | D:4      | Noticed Crazy Yiuf
  5048 | D:4      | Noticed Grinder
  5052 | D:4      | Paralysed by Grinder for 3 turns
  5557 | D:4      | Found a radiant altar of Vehumet.
  5637 | D:4      | Noticed Eustachio
  5847 | D:4      | Found a burning altar of Makhleb.
  6136 | D:4      | Noticed Duvessa
  6162 | D:5      | Entered Level 5 of the Dungeon
  6342 | D:5      | Learned a level 1 spell: Slow
  6833 | D:4      | Noticed Dowan
  7106 | D:5      | Reached skill level 1 in Hexes
  7106 | D:5      | Reached skill level 1 in Poison Magic
  7106 | D:5      | Reached XP level 6. HP: 19/32 MP: 0/14
  7217 | D:5      | Reached skill level 1 in Air Magic
  7740 | D:5      | Found a hazy altar of Hepliaklqana.
  8072 | D:5      | Found a glowing silver altar of Zin.
  8074 | D:5      | Found an opulent altar of Gozag.
  8220 | D:5      | Became a worshipper of Gozag Ym Sagoz the Greedy
  8613 | D:6      | Reached XP level 7. HP: 36/36 MP: 12/15
  9016 | D:6      | HP: 1/36 [orc warrior/arrow (5)]
  9370 | D:6      | Found a broken altar of Ashenzari.
  9411 | D:6      | Found Wabeip's Self-Improvement Boutique.
  9742 | D:6      | You fall into a shaft and drop 3 floors!
  9809 | D:9      | Noticed a two-headed ogre
  9839 | D:9      | Noticed a kobold demonologist
  9844 | D:9      | Noticed a yak
  9852 | D:9      | Noticed a yak
  9925 | D:9      | Slain by a two-headed ogre

Illustrated notes

Levels and vault maps discovered:
D:1:      denvon_arrival_waterhouse, layout_loops_corners,
          shapermc_ecumenical_altar_petra, minivault_4, st_stairs_11
D:2:      layout_loops_corners, serial_shops, shop_fountains,
          minmay_heptomino_d4
D:3:      layout_rooms, mainiacjoe_overflow_cross_hatched
D:4:      layout_loops_ring, lightli_temple_of_fire, overflow_temple_1_default,
          uniq_crazy_yiuf_cottage, uniq_eustachio, uniq_grinder, uniq_duvessa
D:5:      layout_basic, grunt_temple_overflow_gold_and_silver,
          worldfamousw_hep_ancestral_shrine
D:6:      layout_loops_ring, mainiacjoe_overflow_brackets,
          evilmike_ruin_ashenzari, biasface_ghost_orc_armoury,
          portal_sewer_entry_e, chequers_jeans, nicolae_shop_self_help
D:9:      layout_cave_pools

Skill      XL: |  1  2  3  4  5  6  7 |
---------------+----------------------+-----
Dodging        | 3 4 |  4.5
Conjurations   | 2 3 4 |  4.4
Translocations | 2 3 |  3.0
Hexes          | 1 |  1.7
Poison Magic   | 1 2 4 |  4.4
Air Magic      | 2 3 |  3.9
Stealth        | |  2.6
Spellcasting   | |  4.5
Summonings     | |  1.5

Action                     |  1- 3 |  4- 6 |  7- 9 || total
---------------------------+-------+-------+-------++-------
  Melee: Dagger            |    16 |    60 |    83 ||   159
  Throw: Boomerang         |       |       |     1 ||     1
   Cast: Magic Dart        |   135 |   197 |    87 ||   419
         Blink             |       |     2 |     4 ||     6
         Call Imp          |       |     1 |     3 ||     4
         Mephitic Cloud    |       |       |     5 ||     5
         Slow              |       |       |     1 ||     1
  Evoke: Wand              |       |       |     4 ||     4
    Use: Scroll            |     2 |    20 |     5 ||    27
         Potion            |       |     1 |     4 ||     5
   Stab: Sleeping          |       |     3 |       ||     3
         Confused          |       |       |     1 ||     1
 Armour: Robe              |    23 |       |       ||    23
         Leather armour    |     2 |    69 |    82 ||   153
         Skin              |       |       |    13 ||    13
  Dodge: Dodged            |    23 |    94 |    90 ||   207

Table legend: (Time is in decaauts)
 A = Elapsed time spent in this place.
 B = Non-inter-level travel time spent in this place.
 C = Inter-level travel time spent in this place.
 D = Time resting spent in this place.
 E = Time spent auto-exploring this place.
 F = Levels seen in this place.
 G = Mean time per level.
                   A        B        C        D        E       F      G
               +--------+--------+--------+--------+--------+-----+--------+
         Total |   9928 |   9553 |    375 |   3479 |   3630 |   7 | 1418.3 |
       Dungeon |   9928 |   9553 |    375 |   3479 |   3630 |   7 | 1418.3 |
               +--------+--------+--------+--------+--------+-----+--------+

Top non-repeatable levels by time:
     D:5: 2688 daAuts
     D:2: 1973 daAuts
     D:1: 1759 daAuts
     D:4: 1519 daAuts
     D:3: 1122 daAuts
     D:6: 685 daAuts
     D:9: 178 daAuts
